[Event "ICC tourney 2171 (3 2)"]
[Site "Internet Chess Club"]
[Date "2020.12.04"]
[Round "8"]
[White "chesswarriors12"]
[Black "BreatheChessAls"]
[Result "1-0"]
[ICCResult "Black checkmated"]
[WhiteElo "1513"]
[BlackElo "1663"]
[Opening "QGD Slav: 3.Nf3"]
[ECO "D11"]
[NIC "SL.01"]
[Time "23:59:22"]
[TimeControl "180+2"]

1. d4 d5 2. c4 c6 3. Nf3 Nf6 4. g3 Bf5 5. Bg2 e6 6. O-O Nbd7 7. cxd5 exd5 8.
Nc3 Bd6 9. Re1 O-O 10. Bd2 Ne4 11. e3 Ndf6 12. Nh4 Bg4 13. Nf3 Nxd2 14. Qxd2
Bb4 15. a3 Ne4 16. Qc2 Bxc3 17. bxc3 Re8 18. Nd2 Bf5 19. Nxe4 Bxe4 20. Bxe4
Rxe4 21. c4 Rc8 22. Rac1 Re8 23. cxd5 Qxd5 24. Rcd1 Qf3 25. Qb3 h5 26. Rb1
h4 27. Qd1 Qd5 28. Qg4 Re4 29. Qxc8+ Kh7 30. Qh3 g5 31. Rxb7 c5 32. dxc5
Qxb7 33. Qf5+ Kh6 34. Rd1 Re6 35. Rd6 Qe7 36. Rxe6+ fxe6 37. Qe5 Qb7 38.
Qxe6+ Kg7 39. Qe5+ Kh6 40. Qf5 Kh5 41. gxh4 Kxh4 42. Qg6 Kg4 43. Qe6+ Kf3
44. Qf5+ Ke2 45. Qc2+ Kf3 46. Qd1+ Ke4 47. f3+ Kxe3 48. Qe1+ Kxf3 49. Qg3+
Ke2 50. Qg2+ Qxg2+ 51. Kxg2 Ke3 52. c6 Kd3 53. c7 Kc3 54. c8=Q+ Kb3 55. Qb7+
Kxa3 56. Qxa7+ Kb3 57. Qg7 Kc4 58. Qxg5 Kd4 59. h4 Kd3 60. h5 Ke2 61. h6 Ke1
62. h7 Ke2 63. h8=Q Ke1 64. Qe8+ Kd1 65. Qd5+ Kc2 66. Qec6+ Kb1 67. Qdb5+
Ka1 68. Qca6# {Black checkmated} 1-0

[Event "ICC tourney 2171 (3 2)"]
[Site "Internet Chess Club"]
[Date "2020.12.05"]
[Round "8"]
[White "Openyagami"]
[Black "chiringuito"]
[Result "1-0"]
[ICCResult "Black forfeits on time"]
[WhiteElo "2624"]
[BlackElo "1899"]
[Opening "Réti: King's Indian attack, Yugoslav variation"]
[ECO "A07"]
[NIC "QP.09"]
[Time "00:00:41"]
[TimeControl "180+2"]

1. Nf3 d5 2. g3 Nf6 3. Bg2 c6 4. O-O Bg4 5. c4 e6 6. Ne5 Bh5 7. d4 Be7 8.
Nc3 Nbd7 9. Qb3 Qb6 10. cxd5 Qxb3 11. axb3 exd5 12. Nd3 O-O 13. Nf4 Bg6 14.
Nxg6 hxg6 15. Bf4 Rfe8 16. Rfc1 a6 17. h4 Nf8 18. Bh3 Bb4 19. Kf1 Ne4 20.
Ra4 Bxc3 21. bxc3 Ne6 22. Be3 Nc7 23. Bf4 Ne6 24. Bxe6 Rxe6 25. c4 Rd8 26.
Ra5 dxc4 27. Rxc4 Nd6 28. Bxd6 Rexd6 29. e3 Rd5 30. Rac5 Kf8 31. Ke2 Ke7 32.
Rb4 R5d7 33. Rg5 b5 34. d5 Rxd5 35. Re4+ Kd6 36. Rxd5+ cxd5 37. Rf4 Rd7 38.
b4 Rc7 39. Kd3 f6 40. Rg4 Ke5 41. Rxg6 Kf5 42. h5 Ke6 43. g4 Kf7 44. g5 Rc4
45. f4 Rxb4 46. gxf6 gxf6 47. Rg1 Rc4 48. h6 Rc8 49. Rg7+ Ke6 50. Ra7 b4 51.
h7 Kf5 52. Rxa6 {Black forfeits on time} 1-0

[Event "ICC tourney 2171 (3 2)"]
[Site "Internet Chess Club"]
[Date "2020.12.04"]
[Round "8"]
[White "Sricharan07"]
[Black "hggonzalezzss"]
[Result "1-0"]
[ICCResult "Black checkmated"]
[WhiteElo "1556"]
[BlackElo "1493"]
[Opening "Sicilian: Alapin's variation (2.c3)"]
[ECO "B22"]
[NIC "SI.46"]
[Time "23:59:58"]
[TimeControl "180+2"]

1. e4 c5 2. c3 d6 3. d4 cxd4 4. cxd4 g6 5. Nf3 Bg7 6. Nc3 e6 7. Be3 Ne7 8.
Be2 O-O 9. O-O a6 10. Rc1 b5 11. a3 Bb7 12. Qd2 Nd7 13. Bh6 Nf6 14. Bxg7
Kxg7 15. Qe3 Rc8 16. h3 Qb6 17. Rfd1 Rfd8 18. Bf1 b4 19. axb4 Qxb4 20. Qe2
a5 21. Re1 Rc6 22. Qd2 Rdc8 23. Qd3 Ba6 24. Qd2 Bxf1 25. Kxf1 h6 26. Kg1 Nd7
27. d5 Rb6 28. dxe6 fxe6 29. Qd4+ Qxd4 30. Nxd4 e5 31. Ndb5 Nc5 32. Rcd1 Rd8
33. f3 Nc6 34. Rxd6 Rxd6 35. Nxd6 Nd4 36. Nc4 Rb4 37. Nxe5 Rxb2 38. Nd5 a4
39. Ng4 a3 40. Nc3 a2 41. Ra1 Rc2 42. Rxa2 Rxc3 43. Ra7+ Kf8 44. Ra8+ Ke7
45. Ra7+ Kd6 46. Nxh6 Rc1+ 47. Kf2 Nc6 48. Ra8 Rc2+ 49. Kg3 Ne6 50. Ng4 Ke7
51. Rh8 Kf7 52. Rh7+ Ng7 53. Nh6+ Kf6 54. Ng8+ Kf7 55. Nh6+ Kf8 56. Rh8+ Ke7
57. Rg8 Kf6 58. Rf8+ Ke7 59. Rf7+ Ke6 60. Rxg7 Ne5 61. Ra7 Nd3 62. Ng4 Ne1
63. Ra6+ Kf7 64. Nf2 Kg7 65. Ra1 Re2 66. Rd1 Nc2 67. Ng4 Rxg2+ 68. Kxg2 Ne3+
69. Nxe3 Kh6 70. Rd6 Kg5 71. Rxg6+ Kxg6 72. f4 Kf6 73. f5 Kg7 74. e5 Kf8 75.
f6 Ke8 76. Nf1 Kf8 77. e6 Ke8 78. h4 Kf8 79. h5 Kg8 80. h6 Kf8 81. h7 Ke8
82. h8=Q# {Black checkmated} 1-0

[Event "ICC tourney 2171 (3 2)"]
[Site "Internet Chess Club"]
[Date "2020.12.05"]
[Round "9"]
[White "JohnnyHop98"]
[Black "GGuseinov"]
[Result "0-1"]
[ICCResult "White resigns"]
[WhiteElo "1779"]
[BlackElo "2755"]
[Opening "Queen's pawn game"]
[ECO "A45"]
[NIC "QP.07"]
[Time "00:13:07"]
[TimeControl "180+2"]

1. d4 Nf6 2. Nc3 g6 3. Bf4 Bg7 4. Qd2 d5 5. Bh6 Bxh6 6. Qxh6 c5 7. dxc5 Qa5
8. Qd2 Nc6 9. O-O-O d4 10. Nb1 Qxa2 11. f3 Nd5 12. c3 Bf5 {White resigns}
0-1

[Event "ICC tourney 2171 (3 2)"]
[Site "Internet Chess Club"]
[Date "2020.12.05"]
[Round "9"]
[White "Averyyu321"]
[Black "yogokings12"]
[Result "1-0"]
[ICCResult "Black resigns"]
[WhiteElo "1450"]
[BlackElo "1494"]
[Opening "Sicilian: Prins (Moscow) variation"]
[ECO "B55"]
[NIC "SI.01"]
[Time "00:13:08"]
[TimeControl "180+2"]

1. e4 c5 2. Nf3 d6 3. d4 cxd4 4. Nxd4 Nf6 5. f3 g6 6. c4 Bg7 7. Nc3 O-O 8.
Be3 Nc6 9. Be2 Ne5 10. O-O b6 11. b3 Bb7 12. Rc1 Rc8 13. h3 Qd7 14. Qd2 e6
15. Ndb5 Rfd8 16. Rfd1 Bf8 17. Nxa7 Ra8 18. Nab5 d5 19. Bxb6 Rdc8 20. Bd4
{Black resigns}
1-0

[Event "ICC tourney 2171 (3 2)"]
[Site "Internet Chess Club"]
[Date "2020.12.05"]
[Round "9"]
[White "jy2020"]
[Black "needGodcom"]
[Result "1-0"]
[ICCResult "Black resigns"]
[WhiteElo "1835"]
[BlackElo "1633"]
[Opening "French: Winawer, advance, positional main line"]
[ECO "C19"]
[NIC "FR.13"]
[Time "00:13:00"]
[TimeControl "180+2"]

1. e4 e6 2. d4 d5 3. Nc3 Bb4 4. e5 c5 5. a3 Bxc3+ 6. bxc3 Ne7 7. Nf3 Nbc6 8.
a4 Qa5 9. Bd2 c4 10. Be2 Bd7 11. O-O O-O-O 12. Ne1 f6 13. f4 g5 14. exf6 Nf5
15. fxg5 Rdg8 16. Nf3 h6 17. gxh6 Rg6 18. Ne5 Nxe5 19. dxe5 Qb6+ 20. Rf2
Nxh6 21. Bxh6 Rgxh6 22. h3 Rg6 23. Qd4 Qb2 24. Raf1 Qxc2 25. f7 Rf8 26. Qc5+
Bc6 27. Qxf8+ Kc7 28. Qd6+ Kb6 29. Qb4+ Ka6 30. Bxc4+ dxc4 31. Rxc2
{Black resigns}
1-0

[Event "ICC tourney 2171 (3 2)"]
[Site "Internet Chess Club"]
[Date "2020.12.05"]
[Round "9"]
[White "IshanVannadil"]
[Black "Goran21"]
[Result "0-1"]
[ICCResult "White checkmated"]
[WhiteElo "1680"]
[BlackElo "1828"]
[Opening "Sicilian"]
[ECO "B54"]
[NIC "SI.11"]
[Time "00:13:05"]
[TimeControl "180+2"]

1. e4 c5 2. Nf3 d6 3. d4 cxd4 4. Nxd4 e5 5. Nb3 Nf6 6. Nc3 a6 7. Be2 Be7 8.
Be3 O-O 9. Qd2 Be6 10. f3 Nbd7 11. Nd5 Nxd5 12. exd5 Bf5 13. Bd3 e4 14. fxe4
Bg6 15. O-O Nf6 16. Bf4 Nxe4 17. Bxe4 Bxe4 18. Rae1 f5 19. Qb4 Rc8 20. c4
Bd3 21. Rf3 Rxc4 22. Qxb7 Re4 23. Rc1 Rxf4 24. Rxf4 Bg5 25. Rc7 Qf6 26. Rf3
Be4 27. Rg3 Bh6 28. Re7 Qxb2 29. Rc7 Be3+ 30. Rxe3 Qxg2# {White checkmated}
0-1

[Event "ICC tourney 2171 (3 2)"]
[Site "Internet Chess Club"]
[Date "2020.12.05"]
[Round "9"]
[White "python0812"]
[Black "Sricharan07"]
[Result "0-1"]
[ICCResult "White resigns"]
[WhiteElo "1534"]
[BlackElo "1572"]
[Opening "French: Tarrasch, closed variation"]
[ECO "C05"]
[NIC "FR.14"]
[Time "00:13:06"]
[TimeControl "180+2"]

1. e4 e6 2. d4 d5 3. Nd2 Nf6 4. Bd3 c5 5. c3 Nc6 6. Ngf3 cxd4 7. cxd4 Be7 8.
O-O O-O 9. e5 Nd7 10. Qc2 f5 11. exf6 Nxf6 12. a3 Qb6 13. Nb3 a5 14. Bg5 h6
15. Bh4 a4 16. Nc5 Bxc5 17. dxc5 Qd8 18. Rfe1 Bd7 19. Ne5 Nxe5 20. Rxe5 Rc8
21. b4 axb3 22. Qxb3 Qc7 23. Rb1 Qxe5 {White resigns} 0-1

[Event "ICC tourney 2171 (3 2)"]
[Site "Internet Chess Club"]
[Date "2020.12.05"]
[Round "9"]
[White "chiringuito"]
[Black "chesswarriors12"]
[Result "1-0"]
[ICCResult "Black resigns"]
[WhiteElo "1901"]
[BlackElo "1513"]
[Opening "Queen's pawn game, Darooha variation "]
[ECO "D02"]
[NIC "QP.08"]
[Time "00:13:14"]
[TimeControl "180+2"]

1. d4 d5 2. Nf3 Nf6 3. c4 Bf5 4. Nc3 e6 5. Bg5 Be7 6. e3 h6 7. Bxf6 Bxf6 8.
cxd5 exd5 9. Qb3 O-O 10. Qxd5 Qc8 11. Rc1 Be6 12. Qc5 b6 13. Qa3 c6 14. Be2
Qd7 15. O-O h5 16. Rfd1 h4 17. Ne5 Bxe5 18. dxe5 Qb7 19. h3 f6 20. exf6 Rxf6
21. Ne4 Rg6 22. Rd8+ Kh7 23. Qf8 Rh6 24. Bd3 Rf6 25. Nxf6+ Kh6 26. f4 Bf5
27. Bxf5 {Black resigns} 1-0

[Event "ICC tourney 2171 (3 2)"]
[Site "Internet Chess Club"]
[Date "2020.12.05"]
[Round "9"]
[White "TheChessShark"]
[Black "Pugnacious"]
[Result "1/2-1/2"]
[ICCResult "Game drawn by mutual agreement"]
[WhiteElo "1419"]
[BlackElo "1657"]
[Opening "Queen's pawn: stonewall attack"]
[ECO "D00"]
[NIC "QP.08"]
[Time "00:13:02"]
[TimeControl "180+2"]

1. d4 d5 2. e3 Nf6 3. Bd3 c5 4. c3 Nc6 5. f4 Bg4 6. Nf3 e6 7. O-O Be7 8.
Nbd2 Bf5 9. Bxf5 exf5 10. Ne5 Ne4 11. Nxe4 dxe4 12. Qb3 Nxe5 13. fxe5 O-O
14. Rxf5 Bg5 15. Qc2 g6 16. Rf1 Qd5 17. c4 Qc6 18. d5 Qd7 19. Qxe4 Rfe8 20.
Bd2 f5 21. Qf3 Rxe5 22. Rae1 Rae8 23. Qg3 Bh6 24. Qh4 Bg7 25. Rf3 b5 26. b3
bxc4 27. bxc4 Qa4 28. Rh3 h6 29. Bc3 Re4 30. Qg3 Rg4
{Game drawn by mutual agreement}
1/2-1/2

[Event "ICC tourney 2171 (3 2)"]
[Site "Internet Chess Club"]
[Date "2020.12.05"]
[Round "9"]
[White "BreatheChessAls"]
[Black "DFKnights"]
[Result "1-0"]
[ICCResult "Black resigns"]
[WhiteElo "1678"]
[BlackElo "1637"]
[Opening "Queen's pawn: London system"]
[ECO "A45"]
[NIC "QP.07"]
[Time "00:13:02"]
[TimeControl "180+2"]

1. d4 Nf6 2. Bf4 g6 3. e3 Bg7 4. Nf3 O-O 5. Be2 c5 6. h3 cxd4 7. exd4 d6 8.
c4 Qb6 9. Qb3 Qa5+ 10. Nc3 Nc6 11. O-O Rb8 12. c5 Ne8 13. Nb5 Qd8 14. cxd6
Nxd6 15. d5 Na5 16. Qa4 a6 17. Nxd6 exd6 18. b4 Nc6 19. dxc6 bxc6 20. Rad1
Qf6 21. Bxd6 Be6 22. Bxf8 Bxf8 23. Qxc6 Rxb4 24. Qe8 Kg7 25. Rd8 Be7 26.
Qh8+ Kh6 27. Qxf6 Bxf6 28. Rdd1 Rb2 29. Bxa6 Rxa2 30. Bd3 Kg7 31. Rc1 Ra3
32. Bc4 Bxh3 33. gxh3 Rxf3 34. Kg2 Rf5 35. Rcd1 h5 36. Rd7 Bh4 37. f3 Rg5+
38. Kh2 Rc5 39. Rxf7+ Kh6 40. Bd3 Rd5 41. Be4 Rd2+ 42. Kh1 Bg3 43. Rb7 Rh2+
44. Kg1 Rxh3 45. Kg2 Rh2+ 46. Kxg3 Rd2 47. Rb6 h4+ 48. Kxh4 Kg7 49. Rxg6+
Kf7 50. Rb1 Rh2+ 51. Kg3 Rh5 52. Rb7+ Kf8 53. Rc6 {Black resigns} 1-0

[Event "ICC tourney 2171 (3 2)"]
[Site "Internet Chess Club"]
[Date "2020.12.05"]
[Round "9"]
[White "coolsportsguy"]
[Black "Kyle45"]
[Result "1-0"]
[ICCResult "Black checkmated"]
[WhiteElo "1685"]
[BlackElo "1435"]
[Opening "Queen's pawn: London system"]
[ECO "A45"]
[NIC "QP.07"]
[Time "00:13:17"]
[TimeControl "180+2"]

1. d4 Nf6 2. Bf4 d6 3. Nc3 Nbd7 4. Nf3 c5 5. dxc5 Nxc5 6. g3 g6 7. Bg2 Bg7
8. O-O O-O 9. Nd2 e5 10. Bg5 Qd7 11. Bxf6 Bxf6 12. Nde4 Nxe4 13. Nxe4 Be7
14. c4 Rd8 15. Nc3 Rb8 16. Qd2 Bf8 17. Rfd1 Qe6 18. Bd5 Qf6 19. Ne4 Qg7 20.
Ng5 Rd7 21. Qe3 h6 22. Nxf7 Rxf7 23. Qxa7 Qf6 24. Bxf7+ Qxf7 25. Qxb8 Bh3
26. Rxd6 Qxc4 27. Rf6 Qc5 28. Rd1 Kg7 29. Rxf8 Qxf8 30. Qxf8+ Kxf8 31. Rd6
Kf7 32. Rb6 Bc8 33. a4 h5 34. b4 g5 35. a5 h4 36. b5 h3 37. a6 bxa6 38. bxa6
g4 39. a7 e4 40. a8=Q e3 41. Qxc8 exf2+ 42. Kxf2 Kg7 43. Qe8 Kh7 44. Qf7+
Kh8 45. Rb8# {Black checkmated} 1-0

[Event "ICC tourney 2171 (3 2)"]
[Site "Internet Chess Club"]
[Date "2020.12.05"]
[Round "9"]
[White "SicilianEnding"]
[Black "Eraser007"]
[Result "0-1"]
[ICCResult "White forfeits on time"]
[WhiteElo "1729"]
[BlackElo "2056"]
[Opening "Robatsch (modern) defense"]
[ECO "B06"]
[NIC "KF.05"]
[Time "00:13:06"]
[TimeControl "180+2"]

1. e4 g6 2. d4 Bg7 3. Nf3 c6 4. Nc3 d5 5. Be3 Bg4 6. e5 Nd7 7. h3 Bxf3 8.
Qxf3 e6 9. Bd3 Ne7 10. Bg5 h6 11. Bd2 c5 12. Nb5 O-O 13. c3 Nc6 14. O-O a6
15. Nd6 Ncxe5 16. dxe5 Nxe5 17. Qe2 Qxd6 18. Bc2 Nc4 19. Bc1 b5 20. Qg4 b4
21. cxb4 cxb4 22. h4 h5 23. Qg5 Qe5 24. Qxe5 Bxe5 25. Rb1 Rac8 26. b3 Nd6
27. Bd3 a5 28. Bh6 Bg7 29. Bg5 Rfe8 30. Rfe1 e5 31. f3 f5 32. Rbd1 d4
{White forfeits on time}
0-1

[Event "ICC tourney 2171 (3 2)"]
[Site "Internet Chess Club"]
[Date "2020.12.05"]
[Round "9"]
[White "ConnorGo"]
[Black "abelMZ084"]
[Result "0-1"]
[ICCResult "White resigns"]
[WhiteElo "1273"]
[BlackElo "1308"]
[Opening "Giuoco Piano: four knights variation"]
[ECO "C50"]
[NIC "IG.02"]
[Time "00:13:05"]
[TimeControl "180+2"]

1. e4 e5 2. Nf3 Nc6 3. Bc4 Bc5 4. Nc3 Nf6 5. O-O d6 6. Ng5 O-O 7. Nxf7 Rxf7
8. Bxf7+ Kxf7 9. Qf3 Bg4 10. Qg3 Nd4 11. d3 c6 12. f3 Ne2+ 13. Kh1 Nxg3+ 14.
hxg3 Be6 15. Ne2 Qb6 16. f4 Be3 17. fxe5 dxe5 18. Nc3 Kg8 19. Rf3 Bxc1 20.
Ne2 Bxb2 21. Rb1 Bxa2 22. Rbf1 Rf8 23. g4 Ba3 24. c4 Nxg4 25. Rxf8+ Bxf8 26.
Ng3 Nf2+ 27. Kh2 Qe3 28. Nf5 Qc5 29. Kg3 Nxd3 30. Rd1 Bxc4 31. Kh3 Nf4+ 32.
Kg4 Qf2 33. g3 Be2+ {White resigns} 0-1

[Event "ICC tourney 2171 (3 2)"]
[Site "Internet Chess Club"]
[Date "2020.12.05"]
[Round "9"]
[White "A4-H5"]
[Black "PearsonH"]
[Result "0-1"]
[ICCResult "White forfeits on time"]
[WhiteElo "1743"]
[BlackElo "1440"]
[Opening "French defense"]
[ECO "A04"]
[NIC "QP.11"]
[Time "00:13:08"]
[TimeControl "180+2"]

1. Nf3 e6 2. e4 d5 3. d4 dxe4 4. Ng5 Nf6 5. Nc3 c5 6. Be3 cxd4 7. Bxd4 Nc6
8. Bxf6 Qxf6 9. Ngxe4 Qd4 10. Bd3 Bb4 11. O-O O-O 12. a3 Be7 13. Qh5 g6 14.
Qh6 Qg7 15. Qe3 f5 16. Nd2 e5 17. Nd5 e4 18. Nxe7+ Qxe7 19. Bc4+ Be6 20. Qb3
Bxc4 21. Nxc4 Qf7 22. Rad1 Rfd8 23. Nd2 Qxb3 24. Nxb3 Kf7 25. Nc5 b6 26. Na6
Rxd1 27. Rxd1 Rd8 28. Rxd8 Nxd8 29. Nc7 Nc6 30. Nb5 Ke7 31. Kf1 a6 32. Nc3
Ke6 33. h4 Nd4 34. g3 Nxc2 35. Ne2 Ke5 36. h5 Nd4 37. hxg6 hxg6 38. Nf4 g5
39. Ng2 f4 40. gxf4+ gxf4 41. Ne1 e3 42. fxe3 fxe3 43. a4 Ke4 44. Ng2 Kf3
45. Nh4+ Kg3 46. Ng6 b5 47. axb5 axb5 48. Ke1 e2 49. Ne5 Kf4
{White forfeits on time}
0-1

[Event "ICC tourney 2171 (3 2)"]
[Site "Internet Chess Club"]
[Date "2020.12.05"]
[Round "9"]
[White "rishik99"]
[Black "wildrumpus"]
[Result "1-0"]
[ICCResult "Black resigns"]
[WhiteElo "1279"]
[BlackElo "1357"]
[Opening "Caro-Kann: Panov-Botvinnik attack"]
[ECO "B13"]
[NIC "CK.03"]
[Time "00:13:27"]
[TimeControl "180+2"]

1. e4 c6 2. d4 d5 3. exd5 cxd5 4. c4 Nf6 5. Nc3 Nc6 6. c5 e5 7. Bb5 exd4 8.
Qxd4 Bd7 9. Bxc6 bxc6 10. Nf3 Qe7+ 11. Be3 Ng4 12. O-O Nxe3 13. Rfe1 Be6 14.
Rxe3 Qxc5 15. Rae1 O-O-O 16. Qa4 Qb6 17. R3e2 Bc5 18. Rc1 Rhe8 19. Qc2 g6
20. Na4 Bxf2+ 21. Rxf2 Qb5 22. Qxc6+ Qxc6 23. Rxc6+ Kb7 24. Rc1 Bg4 25. h3
Bd7 26. Nd4 Bxa4 27. b3 Bd7 28. Rxf7 Re4 29. Nb5 Kb6 30. Nxa7 Kxa7 31. Rc7+
Kb6 32. Rcxd7 Rxd7 33. Rxd7 Kc6 34. Rxh7 d4 35. Rh8 Kc7 36. Kf2 d3 37. Rh7+
Kc6 38. Rh8 Re6 39. Rd8 Rd6 40. Rxd6+ Kxd6 41. Ke3 d2 42. Kxd2 {Black
resigns} 1-0

[Event "ICC tourney 2171 (3 2)"]
[Site "Internet Chess Club"]
[Date "2020.12.05"]
[Round "9"]
[White "DrKnight01"]
[Black "chessfidebullet"]
[Result "0-1"]
[ICCResult "White checkmated"]
[WhiteElo "1283"]
[BlackElo "1128"]
[Opening "Queen's pawn game"]
[ECO "D02"]
[NIC "QP.08"]
[Time "00:13:05"]
[TimeControl "180+2"]

1. d4 d5 2. Nf3 e6 3. Nc3 c5 4. Bf4 Nc6 5. e3 Nf6 6. Bb5 Bd7 7. Bxc6 Bxc6 8.
Be5 Be7 9. Qe2 O-O 10. h3 Qb6 11. O-O-O c4 12. g4 Nd7 13. g5 a5 14. h4 a4
15. h5 a3 16. b3 Bb4 17. Nb1 cxb3 18. cxb3 Rac8 19. Nc3 Bxc3 20. Qc2 Ba4 21.
Kb1 Bxd4 22. Qd3 Rc3 23. Qxd4 Rxb3+ 24. axb3 Qxb3+ 25. Ka1 Nc5 26. Rb1 Rc8
27. Rhc1 a2 28. Rb2 Qa3 29. Rxc5 Rxc5 30. Bxg7 Rc1+ 31. Rb1 Rxb1#
{White checkmated}
0-1

[Event "ICC tourney 2171 (3 2)"]
[Site "Internet Chess Club"]
[Date "2020.12.05"]
[Round "9"]
[White "Shakhmatova"]
[Black "avocuddle"]
[Result "0-1"]
[ICCResult "White resigns"]
[WhiteElo "1484"]
[BlackElo "1447"]
[Opening "Caro-Kann defense"]
[ECO "B10"]
[NIC "CK.01"]
[Time "00:13:04"]
[TimeControl "180+2"]

1. e4 c6 2. f4 d5 3. exd5 cxd5 4. Nf3 Nc6 5. d4 Bg4 6. c3 Nf6 7. Bd3 e6 8.
O-O Ne4 9. h3 Bh5 10. g4 Bg6 11. Qe1 f5 12. Nh4 Be7 13. Nxg6 hxg6 14. Rf3
Rh4 15. g5 Rh5 16. h4 Qb6 17. Kg2 O-O-O 18. a4 Rdh8 19. Rh3 Bd6 20. b4 Qc7
21. Qe3 Rxh4 22. Rg3 Bxf4 23. Qe1 Bxc1 24. Bxe4 Rh2+ 25. Kf1 Bf4 26. Bxd5
exd5 27. Qe6+ Kb8 28. Rg1 Qe7 29. Qxe7 Nxe7 30. Na3 R8h3 31. Nb5 Rh1 32. Ke2
R3h2+ 33. Kf3 Rxg1 34. Rxg1 Bc7 35. Re1 a6 36. Nxc7 Kxc7 37. Rxe7+ Kb8 38.
Rxg7 Rh3+ 39. Kf4 Rxc3 40. Rxg6 Rc4 41. Ke5 Rxb4 42. Rd6 f4 43. g6 Rb1 44.
Kxf4 Rg1 45. Kf5 Kc7 46. Rxd5 Kc6 47. Re5 b5 48. d5+ Kd6 49. Re6+ Kxd5 50.
Rxa6 b4 51. Ra5+ Kc4 52. Rb5 b3 53. a5 Kxb5 54. Kf6 Kxa5 {White resigns} 0-1

[Event "ICC tourney 2171 (3 2)"]
[Site "Internet Chess Club"]
[Date "2020.12.05"]
[Round "9"]
[White "hggonzalezzss"]
[Black "Drachekokosnuss"]
[Result "1-0"]
[ICCResult "Black checkmated"]
[WhiteElo "1502"]
[BlackElo "1524"]
[Opening "Ruy Lopez: Morphy defense"]
[ECO "C77"]
[NIC "RL.12"]
[Time "00:13:09"]
[TimeControl "180+2"]

1. e4 e5 2. Nf3 Nc6 3. Bb5 a6 4. Ba4 Nf6 5. c3 Nxe4 6. Qe2 Nf6 7. Nxe5 Be7
8. O-O O-O 9. d4 Nxe5 10. dxe5 Nd5 11. Bc2 c6 12. f4 f5 13. Nd2 d6 14. Kh1
dxe5 15. fxe5 Bg5 16. Nc4 Bxc1 17. Raxc1 Nb6 18. Nd6 Be6 19. Nxb7 Qc7 20.
Nd6 Rad8 21. Rcd1 Qe7 22. Nxf5 Bxf5 23. Rxd8 Rxd8 24. Rxf5 Qe6 25. Bb3 Nd5
26. Qf3 Qh6 27. h3 Qc1+ 28. Kh2 Qxb2 29. e6 Ne7 30. Rf7 Qa3 31. Qg3 g6 32.
Qe5 Qd6 33. Qxd6 Rxd6 34. Rxe7 Kf8 35. Rd7 Rxd7 36. exd7 Ke7 37. Be6 Kd8 38.
Kg3 c5 39. Kg4 a5 40. Kg5 a4 41. Kh6 Ke7 42. Kxh7 Kxe6 43. d8=Q Ke5 44. Qe7+
Kf4 45. Qxc5 Kg3 46. Qg5+ Kh2 47. g4 a3 48. Qe3 Kh1 49. Qe2 g5 50. Kg6 Kg1
51. Kf5 Kh1 52. Ke4 Kg1 53. Kf3 Kh1 54. Qg2# {Black checkmated} 1-0

[Event "ICC tourney 2171 (3 2)"]
[Site "Internet Chess Club"]
[Date "2020.12.05"]
[Round "9"]
[White "avbhosale"]
[Black "akshajp"]
[Result "0-1"]
[ICCResult "White forfeits on time"]
[WhiteElo "1192"]
[BlackElo "1240"]
[Opening "Philidor's defense"]
[ECO "C41"]
[NIC "KP.10"]
[Time "00:13:04"]
[TimeControl "180+2"]

1. e4 e5 2. Nf3 d6 3. Bc4 h6 4. Nc3 Nf6 5. d3 Nc6 6. Be3 Be7 7. O-O O-O 8.
Qe2 Ng4 9. h3 Nxe3 10. Qxe3 Kh8 11. Rfe1 f5 12. exf5 Bxf5 13. a3 Qd7 14. Kf1
Na5 15. Bb5 c6 16. Ba4 b5 17. Bb3 Nxb3 18. cxb3 Bf6 19. a4 b4 20. Ne4 Bxe4
21. Qxe4 d5 22. Qxb4 Qf5 23. Nh4 Bxh4 24. Qxh4 Qxd3+ 25. Kg1 Qxb3 26. Rxe5
Qxb2 27. Ree1 d4 28. Rab1 Qc3 29. Rec1 Qd3 30. Rd1 Qg6 31. Qxd4 a5
{White forfeits on time}
0-1

[Event "ICC tourney 2171 (3 2)"]
[Site "Internet Chess Club"]
[Date "2020.12.05"]
[Round "9"]
[White "CaptK"]
[Black "Openyagami"]
[Result "1-0"]
[ICCResult "Black resigns"]
[WhiteElo "2202"]
[BlackElo "2594"]
[Opening "King's Indian: 3.g3"]
[ECO "E60"]
[NIC "KI.80"]
[Time "00:13:03"]
[TimeControl "180+2"]

1. d4 Nf6 2. c4 g6 3. g3 Bg7 4. Bg2 c5 5. dxc5 Qa5+ 6. Nc3 Qxc5 7. Bd2 Ng4
8. Nh3 O-O 9. Rc1 Nc6 10. b3 d6 11. O-O Qa5 12. Nf4 Qd8 13. Ncd5 e5 14. Nd3
Be6 15. Bc3 f5 16. c5 Rc8 17. h3 Nh6 18. b4 Nf7 19. b5 Ne7 20. Nxe7+ Qxe7
21. cxd6 Qxd6 22. Bb4 Qb6 23. Bxf8 Rxf8 24. Nc5 Bc8 25. Bd5 Qxb5 26. Qb3
Qxb3 27. axb3 b6 28. Ne6 Bxe6 29. Bxe6 Re8 30. Bd5 Rf8 31. Rc7 e4 32. Rxa7
Be5 33. Rd1 Kg7 34. Bxf7 Rxf7 35. Rxf7+ Kxf7 36. Rd7+ Ke6 37. Rxh7 Kd5 38.
g4 f4 39. f3 Kd4 40. Rb7 Kc3 41. Kf1 Bd4 42. fxe4 Kxb3 43. e5 {Black
resigns} 1-0

[Event "ICC tourney 2171 (3 2)"]
[Site "Internet Chess Club"]
[Date "2020.12.05"]
[Round "9"]
[White "Hamlett144"]
[Black "cjcardoso"]
[Result "1-0"]
[ICCResult "Black resigns"]
[WhiteElo "1221"]
[BlackElo "1383"]
[Opening "Caro-Kann: Forgács variation"]
[ECO "B15"]
[NIC "CK.06"]
[Time "00:13:54"]
[TimeControl "180+2"]

1. e4 c6 2. d4 d5 3. Nc3 dxe4 4. Nxe4 Nf6 5. Nxf6+ exf6 6. Bc4 Bd6 7. Qe2+
Qe7 8. Qxe7+ Kxe7 9. Nf3 Re8 10. O-O Kf8 11. c3 Bg4 12. Nd2 Nd7 13. h3 Bh5
14. g4 Bg6 15. Nf3 f5 16. Ng5 h6 17. gxf5 hxg5 18. fxg6 fxg6 19. Bxg5 Nf6
20. Bxf6 gxf6 21. Rfe1 Kg7 22. Bd3 b5 23. Kh1 Kf7 24. Rg1 g5 25. h4 Bf4 26.
h5 Rh8 27. Bg6+ Kg7 28. Rae1 Bd6 29. Re6 Rad8 30. Rge1 Rd7 31. Be8 Rd8 32.
Bxc6 a6 33. Bb7 Rxh5+ 34. Kg1 a5 35. Re7+ Bxe7 36. Rxe7+ Kg6 37. Be4+ f5 38.
Re6+ Kf7 39. Bxf5 Rh4 40. d5 Rxd5 41. Ra6 a4 42. Be6+ Ke7 43. Bxd5 Rf4 44.
Rb6 Rf5 45. Bc6 Rf6 46. Rxb5 Rxc6 47. Rxg5 Rb6 48. Rg7+ Kf6 49. Ra7 Rxb2 50.
Rxa4 Rc2 51. c4 Ke6 52. Ra6+ Kd7 53. Ra7+ Kc6 54. Ra6+ Kc5 55. a4 Kxc4 56.
Rc6+ Kb3 57. Rxc2 Kxc2 58. a5 {Black resigns} 1-0

[Event "ICC tourney 2171 (3 2)"]
[Site "Internet Chess Club"]
[Date "2020.12.05"]
[Round "9"]
[White "stephenwilly"]
[Black "javasri"]
[Result "0-1"]
[ICCResult "White checkmated"]
[WhiteElo "1596"]
[BlackElo "1667"]
[Opening "Sicilian: Najdorf"]
[ECO "B90"]
[NIC "SI.14"]
[Time "00:13:02"]
[TimeControl "180+2"]

1. e4 c5 2. Nf3 d6 3. d4 cxd4 4. Nxd4 Nf6 5. Nc3 a6 6. a4 Nc6 7. Bc4 e6 8.
Be3 Be7 9. O-O O-O 10. Re1 Qc7 11. Bb3 Bd7 12. Qe2 Rac8 13. Rad1 Na5 14. Ba2
Nc4 15. Bxc4 Qxc4 16. Nb3 Bxa4 17. Na5 Qxe2 18. Rxe2 Bc6 19. Nxc6 Rxc6 20.
Bd4 Rfc8 21. e5 dxe5 22. Bxe5 b5 23. h3 b4 24. Bxf6 gxf6 25. Ne4 Rxc2 26.
Rdd2 Rxd2 27. Rxd2 f5 28. Ng3 Bf6 29. b3 Rc3 30. Ra2 Rxb3 31. Rxa6 Rb1+ 32.
Kh2 Be5 33. Ra5 f6 34. Ra6 b3 35. Rxe6 b2 36. Rb6 Ra1 37. f4 b1=Q 38. Rxb1
Rxb1 39. fxe5 fxe5 40. Nxf5 Kf7 41. Kg3 Kf6 42. Ne3 Rb3 43. Kf3 Ke6 44. Ke4
Rb4+ 45. Kd3 Ra4 46. Ng4 Kf5 47. Ne3+ Kf4 48. Nd5+ Kg3 49. Nf6 Kxg2 50. Nxh7
Kxh3 51. Ng5+ Kg4 52. Ne4 Kf4 53. Nc5 Ra3+ 54. Kc4 Ra1 55. Kd5 Ra5 56. Kc4
Rxc5+ 57. Kxc5 e4 58. Kd4 e3 59. Kd3 Kf3 60. Kc2 Kf2 61. Kd1 e2+ 62. Kd2
e1=Q+ 63. Kd3 Qe5 64. Kc2 Qd4 65. Kb3 Qc5 66. Kb2 Ke3 67. Kb1 Kd3 68. Kb2
Kd2 69. Kb3 Qc3+ 70. Ka2 Qb4 71. Ka1 Kc2 72. Ka2 Qb2# {White checkmated} 0-1